 Dungeon Crawl Stone Soup version 0.30.1-4-g462c640d31 (webtiles) character file.

Game seed: 2541527289087273767

65 Gorgoleon the Ruffian (level 3, 0/36 HPs)
             Began as a Troll Fighter on Aug 14, 2023.
             Slain by a wyvern (11 damage)
             ... on level 4 of the Dungeon.
             The game lasted 00:06:23 (2592 turns).

Gorgoleon the Ruffian (Troll Fighter)               Turns: 2592, Time: 00:06:24

Health: 0/36       AC:  4    Str: 26    XL:     3   Next: 94%
Magic:  2/2        EV:  8    Int:  4    God:
Gold:   202        SH:  7    Dex:  9    Spells: 2/2 levels left

rFire   . .          .
                       - Unarmed
rCold   . . .        b - +0 kite shield
rNeg    . . .        a - +0 robe
rPois   .            (helmet restricted)
rElec   .            (no cloak)
rCorr   .            (gloves unavailable)
SInv    .            (boots unavailable)
Will    .....        (no amulet)
Stlth   +            (no ring)
HPRegen 1.06/turn    (no ring)
MPRegen 0.08/turn

%: no passive effects
@: mighty
A: large, unfitting armour, claws 3, regeneration 1, shaggy fur 1, tough skin 1
a: no special abilities


You were on level 4 of the Dungeon.
You visited 1 branch of the dungeon, and saw 4 of its levels.

You collected 202 gold pieces.

Inventory:

Missiles
 i - 4 poisoned darts
 j - 19 stones (quivered)
 o - 2 javelins
Armour
 a - a +0 robe (worn)
 b - a +0 kite shield (worn)
Jewellery
 g - a ring of ice
Scrolls
 e - a scroll of enchant weapon
 h - a scroll of amnesia
 k - a scroll of blinking
 t - 3 scrolls of vulnerability
 u - 2 scrolls of immolation
Potions
 d - 3 potions of resistance {unknown}
 f - a potion of mutation
 m - a potion of heal wounds
 n - a potion of attraction
 p - 2 potions of lignification {unknown}
 w - a potion of curing
 z - a potion of flight {unknown}


   Skills:
 - Level 2.4 Fighting
 * Level 0.8 Throwing
 - Level 2.4 Dodging
 - Level 2.6 Shields
 + Level 4.1 Unarmed Combat


You had 2 spell levels left.
You didn't know any spells.
Your spell library contained the following spells:

 Spells                   Type           Power      Damage    Failure   Level
 Sandblast                Erth           0%         2d4       77%         1
 Passwall                 Tmut/Erth      0%         N/A       88%         2
 Poisonous Vapours        Pois/Air       0%         N/A       88%         2
 Gell's Gravitas          Tloc           0%         N/A       98%         3
 Mephitic Cloud           Conj/Pois/Air  0%         N/A       98%         3
 Stone Arrow              Conj/Erth      0%         3d7       98%         3
 Teleport Other           Tloc           0%         N/A       98%         3
 Freezing Cloud           Conj/Ice/Air   0%         6-21      100%        5
 Dispersal                Tloc           0%         N/A       100%        6


Dungeon Overview and Level Annotations

Branches:
Dungeon (4/15)
 Temple: D:4-7

Altars:

Shops:
D:1 *


Innate Abilities, Weirdness & Mutations

You are too large for most types of armour.
You have claws for hands.
Your natural rate of healing is unusually fast.
You are covered in fur. (AC +1)
You have tough skin. (AC +1)


Message History

You hear a shout!
You hear an angry hiss.
The air fills with toxic fumes!
As you read the scroll labelled ZEAREF ETUUKKUT, it crumbles to dust.
It was a scroll of poison.
You start waiting.
Done waiting.
As you read the scroll labelled DUGHIO QOMN, it crumbles to dust.
Magic quickly surges around you.
It was a scroll of vulnerability.
You start waiting.
You feel your willpower return.
As you read the scroll labelled BYCI UMUKUUPENG, it crumbles to dust.
The air around you briefly surges with heat, but it dissipates.
It was a scroll of immolation.
As you read the scroll labelled HITHRO LETOWI, it crumbles to dust.
You assume a fearsome visage.
Nothing appears to happen.
It was a scroll of fear.
As you read the scroll labelled QAUSTE QONICEFF, it crumbles to dust.
You feel aware of your surroundings.
You sensed 1 altar.
It was a scroll of magic mapping.
You climb upwards.
There is a stone staircase leading down here.
There is an open door here.
You open the door.
There is an open door here.
There is an open door here.
There is a stone staircase leading down here.
You climb downwards.
The ball python hisses angrily.
There is a stone staircase leading up here.
You mangle the ball python!!
You kill the ball python!
A wyvern comes into view.
The wyvern hisses angrily.
The wyvern bites you.
A quokka comes into view.
The wyvern bites you! The wyvern attacks as you move away!
The wyvern bites you.
You feel very mighty all of a sudden. The wyvern bites you! x2
You die...

,,,* *,,,..* **,* *,**#.*
#####********** *,* *,* #.*
*....,,,,,,,,,, *,* *,###.##
*...,,,,,,,,*** *,* *****,#....#
*...,,,****,,,,
*,***,,,,,#....#*##.###,****,,**
**,,,,,,,,,+....+,,....,,,,,,,,+,
,,,,,,,,,,*#...l####.###,****,,**
,,,,,,,,,,+....#@......#,* *,,,,
,,,,,,,,,,#..#.#.###.#.#,* ***,,
,,,,,,,,r...,..#.# #.#,#,* ***
,*,,****###,.#.#.# #<#,*,**
**,,*,,,,,,..#.#.# #.#,,,,*
*,,*,,,,,..,#.#.# #.#,,,,*
**,,,,,,,..#*#.#.# #.#,,,,*
,,,,,*,,,,,,,*,#.# #.#,,,,*******
***,,*,,,,,*,*,*,* #.#,,,,,,,,,,,


You could see a wyvern.

Vanquished Creatures
  An adder (D:3)
  8 endoplasms
  3 giant cockroaches (D:1)
  10 goblins
  2 hobgoblins
  4 jackals (D:1)
  6 kobolds
  3 quokkas
  3 ball pythons
  5 bats
  4 rats
49 creatures vanquished.

Notes
Turn   | Place    | Note
-------+----------+-------------------------------------------
     0 | D:1      | Gorgoleon the Troll Fighter began the quest for the Orb.
     0 | D:1      | Reached XP level 1. HP: 22/22 MP: 0/0
    46 | D:1      | Found Tyculefa's General Store.
   124 | D:1      | Reached XP level 2. HP: 29/29 MP: 1/1
   240 | D:1      | Reached skill level 3 in Unarmed Combat
   322 | D:1      | Found a faded altar of an unknown god.
   776 | D:1      | Reached XP level 3. HP: 36/36 MP: 2/2
  1417 | D:2      | Identified the +4 mace of Pride {pain, rF+}
  2275 | D:3      | Reached skill level 4 in Unarmed Combat
  2584 | D:4      | Noticed a wyvern
  2592 | D:4      | Slain by a wyvern

Illustrated notes

Levels and vault maps discovered:
D:1:      dpeg_arrival_rooms_with_view, layout_loops_corners,
          nicolae_ecumenical_lake_church, serial_shops, shop,
          chequers_serial_rivers_micro_b
D:2:      layout_rooms
D:3:      layout_basic, minmay_goblin_outpost
D:4:      layout_basic, mainiacjoe_overflow_surrounded_room

Skill      XL: |  1  2  3 |
---------------+----------+-----
Unarmed Combat | 3 4 |  4.1
Fighting       | |  2.4
Throwing       | |  0.8
Dodging        | |  2.4
Shields        | |  2.6

Action                     || total
---------------------------++-------
  Melee: Unarmed           ||   118
  Throw: Stone             ||     5
    Use: Scroll            ||    14
         Potion            ||     1
 Armour: Robe              ||    41
  Dodge: Dodged            ||    40
  Block: Kite shield       ||    51
